 Dungeon Crawl Stone Soup version 0.24.0-10-g970556be89 (webtiles) character file.

Game seed: 7526529380818215190, levelgen mode: deterministic

421 emikaela the Sneak (level 6, -1/43 HPs)
             Began as an Octopode Hunter on Nov 4, 2019.
             Was a Follower of Okawaru.
             Slain by an orc warrior
             ... wielding a +0 dire flail
              (17 damage)
             ... on level 5 of the Dungeon.
             The game lasted 00:12:29 (4159 turns).

emikaela the Sneak (Octopode Hunter)                Turns: 4159, Time: 00:12:30

Health: -1/43      AC:  1    Str: 12    XL:     6   Next: 94%
Magic:  4/6        EV: 23    Int: 15    God:    Okawaru [*.....]
Gold:   224        SH:  0    Dex: 19    Spells: 5/5 levels left

rFire    . . .     SeeInvis .   b - +1 dagger (speed)
rCold    . . .     Gourm    .   (no shield)
rNeg     . . .     Faith    .   (helmet restricted)
rPois    .         Spirit   .   (no amulet)
rElec    .         Reflect  .   o - +2 ring of intelligence
rCorr    .         Harm     .   (no ring)
MR       .....                  (no ring)
Stlth    +++++++...             (no ring)
HPRegen  0.14/turn              (no ring)
MPRegen  0.10/turn              (no ring)
                                (no ring)
                                (no ring)

@: agile, heroism
A: almost no armour, stealthy swim, amphibious, 8 rings, constrict 8, camouflage
1, gelatinous body 1
a: Heroism, Renounce Religion


You were on level 5 of the Dungeon.
You worshipped Okawaru.
Okawaru was aware of your devotion.
You were hungry.

You visited 1 branch of the dungeon, and saw 5 of its levels.

You collected 224 gold pieces.

Inventory:

Hand Weapons
 a - a +1 hunting sling
 b - a +1 dagger of speed (weapon)
Missiles
 d - 26 bolts
 s - 133 stones (quivered)
 S - 29 sling bullets
Jewellery
 o - a +2 ring of intelligence (left tentacle)
Scrolls
 c - 7 scrolls of remove curse
 f - a scroll of enchant weapon {unknown}
 g - a scroll of amnesia
 l - a scroll of blinking {unknown}
 t - a scroll of random uselessness {unknown}
 u - a scroll of magic mapping {unknown}
 v - a scroll of enchant armour {unknown}
Potions
 h - a potion of might
 i - a potion of haste {unknown}
 j - 2 potions of mutation {unknown}
 k - a potion of flight {unknown}
 p - 2 potions of brilliance {unknown}
 q - 3 potions of curing
Comestibles
 r - 11 rations


   Skills:
 + Level 4.3(9.3) Fighting
 + Level 5.6(10.6) Slings
 - Level 2.0(7.0) Dodging
 + Level 5.8(10.8) Stealth


You had 5 spell levels left.
You didn't know any spells.
Your spell library was empty.

Dungeon Overview and Level Annotations

Branches:
Dungeon (5/15)             Temple (0/1) D:4

Altars:
Okawaru
Uskayaw

Annotations:
D:4 Dowan, Duvessa
D:5 exclusions: ice beast and zombie


Innate Abilities, Weirdness & Mutations

You cannot wear most types of armour.
You are very stealthy in the water. (Stealth+)
You are amphibious.
You can wear up to eight rings at the same time.
You can use your tentacles to constrict eight enemies at once.
Your skin changes colour to match your surroundings (Stealth+).
Your rubbery body absorbs attacks. (AC +1, EV +1)


Message History

The orc warrior is heavily wounded.
You constrict the orc warrior, but do no damage.
You hit the orc warrior but do no damage.
The orc warrior is heavily wounded.
You constrict the orc warrior.
The orc priest mumbles some strange prayers to Beogh against you.
Beogh smites you!
You hit the orc warrior.
You tentacle-slap the orc warrior, but do no damage.
The orc warrior is severely wounded.
You constrict the orc warrior. The orc warrior misses you.
You completely miss the orc warrior.
The orc warrior is severely wounded.
You constrict the orc warrior. You hit the orc warrior.
You squeeze the orc warrior, but do no damage.
The orc warrior is severely wounded.
You constrict the orc warrior.
The orc warrior hits you with a +0 dire flail!
You die...

.# #.# ### #.# #.. ..#
#.# #.# #.# #.#
###.#####.##
#(..oo@....############
#####
#.#.###...............#
#...###.#.#
##...##.###.###.#
#...o.o.#.# ##.###.#
#.# #.# #...#####..
...# #.# #.###.# ##.##
### ###^# #.# #......
#.# #+# #.# #####.. #.#
#########.. #.# #####..
#.###.........
#.###......


You could see an orc warrior and an orc priest.

Vanquished Creatures
  An ogre (D:4)
  A scorpion (D:3)
  Terence (D:2)
  2 iguanas (D:4)
  Robin (D:4)
  6 adders
  3 oozes
  2 worms
  3 dart slugs
  3 leopard geckos
  6 orcs
  9 giant cockroaches
  16 goblins
  15 hobgoblins
  8 jackals
  4 kobolds
  2 quokkas
  A ball python (D:4)
  12 bats
  2 frilled lizards
  12 rats
110 creatures vanquished.

Notes
Turn   | Place    | Note
-------+----------+-------------------------------------------
     0 | D:1      | emikaela the Octopode Hunter began the quest for the Orb.
     0 | D:1      | Reached XP level 1. HP: 14/14 MP: 1/1
   108 | D:1      | Reached XP level 2. HP: 13/19 MP: 2/2
   412 | D:1      | Reached XP level 3. HP: 25/25 MP: 3/3
   842 | D:2      | Noticed Terence
   869 | D:2      | Killed Terence
   869 | D:2      | Reached XP level 4. HP: 26/30 MP: 4/4
  1304 | D:2      | Reached XP level 5. HP: 26/36 MP: 5/5
  1885 | D:3      | Reached skill level 5 in Slings
  1932 | D:3      | Found a hide-covered altar of Uskayaw.
  2165 | D:3      | Found a faded altar of an unknown god.
  2349 | D:3      | Became a worshipper of Warmaster Okawaru
  2349 | D:3      | Reached * piety under Okawaru
  2551 | D:3      | Reached XP level 6. HP: 43/43 MP: 6/6
  2671 | D:4      | Reached skill level 5 in Stealth
  2986 | D:4      | Noticed Robin
  3034 | D:4      | Killed Robin
  3553 | D:4      | Noticed Duvessa
  3553 | D:4      | Noticed Dowan
  3605 | D:4      | Found a staircase to the Ecumenical Temple.
  3977 | D:5      | Entered Level 5 of the Dungeon
  3988 | D:5      | Noticed an ice beast
  4121 | D:5      | Noticed an orc warrior
  4159 | D:5      | Slain by an orc warrior

Levels and vault maps discovered:
D:1:      lightli_molten_gateway, layout_rooms, hex_intersection
D:2:      layout_rooms, uniq_terence
D:3:      layout_rooms, eat_drink_and_be_merry_uskayaw,
          chequers_ecumenical_altar_island
D:4:      cheibrodos_helix_gallery, layout_loops_cross,
          minmay_temple_entry_fiery, first_ration, wad_floor_pattern_2,
          uniq_robin, uniq_duvessa
D:5:      layout_loops_corners

Skill      XL: |  1  2  3  4  5  6 |
---------------+-------------------+-----
Stealth        | 2 3 4 5 |  5.8
Fighting       | 3 4 |  4.3
Slings         | 5 |  5.6
Dodging        | |  2.0

Action                   |  1- 3 |  4- 6 || total
-------------------------+-------+-------++-------
Melee: Short sword       |    25 |    42 ||    67
       Constrict         |     4 |     9 ||    13
       Tentacles         |     3 |    15 ||    18
       Dagger            |       |    10 ||    10
       Punch             |       |     1 ||     1
 Fire: Hunting sling     |    62 |   235 ||   297
Throw: Stone             |       |     1 ||     1
Invok: Heroism           |       |     1 ||     1
  Use: Scroll            |       |     6 ||     6
       Potion            |       |     1 ||     1
  Eat: Chunk             |       |     9 ||     9
Armor: Skin              |     2 |     7 ||     9
Dodge: Dodged            |    26 |    66 ||    92
